 Dungeon Crawl Stone Soup version 0.30-a0-591-g3c58d2bc28 (webtiles) character file.

Game seed: 7664109748795182421

180 bmack86 the Chopper (level 5, 0/47 HPs)
             Began as a Minotaur Fighter on Jan 5, 2023.
             Was an Initiate of Okawaru.
             Killed from afar by an orc wizard (3 damage)
             ... with a magic dart
             ... on level 3 of the Dungeon.
             The game lasted 00:05:29 (1893 turns).

bmack86 the Chopper (Minotaur Fighter)              Turns: 1893, Time: 00:05:29

Health: 0/47       AC:  7    Str: 23    XL:     5   Next: 33%
Magic:  4/4        EV:  9    Int:  5    God:    Okawaru [......]
Gold:   68         SH:  4    Dex:  9    Spells: 4/4 levels left

rFire   . . .      SeeInvis .    a - +0 war axe
rCold   . . .      Faith    .    c - +0 buckler
rNeg    . . .      Spirit   .    b - +0 scale mail
rPois   .          Reflect  .    (helmet restricted)
rElec   .          Harm     .    (no cloak)
rCorr   .          Rampage  .    (no gloves)
Will    .....                    (no boots) Stlth
                                 (no amulet)
HPRegen 0.27/turn                (no ring)
MPRegen 0.09/turn                (no ring)

@: mighty
A: horns 2, retaliatory headbutt
a: Renounce Religion


You were on level 3 of the Dungeon.
You worshipped Okawaru.
Okawaru was noncommittal.
You visited 1 branch of the dungeon, and saw 3 of its levels.

You collected 68 gold pieces.

Inventory:

Hand Weapons
 a - a +0 war axe (weapon)
Armour
 b - a +0 scale mail (worn)
 c - a +0 buckler (worn)
Wands
 i - a wand of roots (9)
Scrolls
 f - a scroll of amnesia {unknown}
 j - a scroll of poison {unknown}
 k - a scroll of enchant weapon {unknown}
Potions
 d - 2 potions of might
 e - 2 potions of curing
 g - a potion of haste {unknown}
 h - a potion of flight {unknown}


   Skills:
 + Level 4.5 Fighting
 * Level 4.7 Axes
 + Level 4.6 Armour
 + Level 4.5 Shields


You had 4 spell levels left.
You didn't know any spells.
Your spell library contained the following spells:

 Spells                   Type           Power      Damage    Failure   Level
 Sublimation of Blood     Necr           0%         N/A       95%         2
 Petrify                  Tmut/Erth      0%         N/A       100%        4
 Irradiate                Conj/Tmut      0%         3d11      100%        5
 Orb of Destruction       Conj           0%         9d5       100%        7
 Summon Guardian Golem    Hex/Summ       Unusable   N/A       N/A         3
 Spellforged Servitor     Conj/Summ      Unusable   N/A       N/A         7

Dungeon Overview and Level Annotations

Branches:
Dungeon (3/15)

Altars:
Okawaru


Innate Abilities, Weirdness & Mutations

You have a pair of horns on your head.
You reflexively headbutt those who attack you in melee.


Message History

You feel less confused.
A rat comes into view.
The gnoll hits you with a +0 flail!
* * * LOW HITPOINT WARNING * * *
The kobold hits you but does no damage. Something hits you.
* * * LOW HITPOINT WARNING * * *
The kobold hits you with a +0 club.
* * * LOW HITPOINT WARNING * * *
The gnoll hits you with a +0 flail.
* * * LOW HITPOINT WARNING * * *
Something hits you but does no damage.
You slash the gnoll!
The gnoll is severely wounded.
You hit something but do no damage. You hit the kobold.
You kill the kobold!
Okawaru accepts your kill. You block the gnoll's attack.
Something hits you but does no damage. Something hits you but does no damage.
You feel very mighty all of a sudden. Something hits you.
* * * LOW HITPOINT WARNING * * *
You closely miss something. Your headbutt misses something. Something hits you.
* * * LOW HITPOINT WARNING * * *
You barely miss something. Your headbutt misses something.
You hear some strange, mumbled words.
Something tries to affect you, but you resist.
Something hits you but does no damage.
You miss something.
A kobold comes into view. It is wielding a +0 short sword.
Something hits you but does no damage.
You barely miss something. Your headbutt misses something.
Something hits you but does no damage.
You closely miss something. Something hits you.
* * * LOW HITPOINT WARNING * * *
You closely miss something.
Something hits you but does no damage. x2
You miss something.
You hear some strange, mumbled words.
A magic dart appears from out of thin air!
The magic dart hits you.
You die...

........# ........# #.
........# #.. # . .
........# #.###.# .# ..
........# #.#.#.##. ..P
........# #.#.. ..#..
.......># #.#.# ...
........# #.#.##r####..
#############...@{gK.....
########.......)##.####..
......('.............o.
########........#.###.#
#........#.# # ########.#
# #.# #.# #.#


You could see a gnoll, a kobold and a rat.

Vanquished Creatures
  Jessica (D:2)
  An orc wizard (D:3)
  Natasha (D:2)
  3 gnolls (D:2)
  3 adders (D:2)
  A worm (D:2)
  3 orcs (D:3)
  3 ball pythons (D:2)
  3 bats (D:1)
  3 endoplasms
  4 giant cockroaches
  4 goblins
  5 hobgoblins
  A quokka (D:2)
  A frilled lizard (D:1)
  4 kobolds
  4 rats
  A bush (D:2)
46 creatures vanquished.

Vanquished Creatures (others)
  18 plants
18 creatures vanquished.

Grand Total: 64 creatures vanquished

Notes
Turn   | Place    | Note
-------+----------+-------------------------------------------
     0 | D:1      | bmack86 the Minotaur Fighter began the quest for the Orb.
     0 | D:1      | Reached XP level 1. HP: 19/19 MP: 0/0
   207 | D:1      | Reached XP level 2. HP: 21/27 MP: 1/1
   781 | D:2      | Reached XP level 3. HP: 26/33 MP: 2/2
  1050 | D:2      | Reached XP level 4. HP: 40/40 MP: 3/3
  1073 | D:2      | Noticed Jessica
  1076 | D:2      | Killed Jessica
  1210 | D:2      | Identified the +1 robe of the Wasteland {Fly Regen+}
  1299 | D:2      | Noticed Natasha
  1306 | D:2      | Killed Natasha
  1307 | D:2      | Reached XP level 5. HP: 41/47 MP: 4/4
  1660 | D:3      | Found an iron altar of Okawaru.
  1668 | D:3      | Became a worshipper of Warmaster Okawaru
  1670 | D:3      | Identified the +3 spear of Neurosis {spect, rElec rF+ Int+5
                  | Dex-5}
  1891 | D:3      | HP: 2/47 [something (2)]
  1893 | D:3      | Killed from afar by an orc wizard

Illustrated notes

Levels and vault maps discovered:
D:1:      amcnicky_arrival_flooded_fountain, layout_loops_cross
D:2:      layout_basic, serial_forest, infiniplex_forest_lined_1,
          infiniplex_forest_clump_tiny, infiniplex_forest_end_2,
          infiniplex_forest_straight_2, infiniplex_forest_lined_1,
          infiniplex_forest_lined_2, infiniplex_forest_end_2,
          infiniplex_forest_straight_4, uniq_jessica, uniq_natasha
D:3:      layout_basic, okawaru_ov_weapons_minmay, nicolae_grassy_gnolls

Skill      XL: |  1  2  3  4 |
---------------+-------------+-----
Axes           | 3 4 |  4.7
Fighting       | 4 |  4.5
Armour         | 4 |  4.6
Shields        | 4 |  4.5

Action                   |  1- 3 |  4- 6 || total
-------------------------+-------+-------++-------
Melee: War axe           |    65 |    88 ||   153
       Headbutt          |    14 |    27 ||    41
  Use: Scroll            |     1 |       ||     1
       Potion            |       |     1 ||     1
Armor: Scale mail        |    36 |    34 ||    70
Dodge: Dodged            |    31 |    21 ||    52
Block: Buckler           |    14 |    14 ||    28

Table legend: (Time is in decaauts)
 A = Elapsed time spent in this place.
 B = Non-inter-level travel time spent in this place.
 C = Inter-level travel time spent in this place.
 D = Time resting spent in this place.
 E = Time spent auto-exploring this place.
 F = Levels seen in this place.
 G = Mean time per level.
                   A        B        C        D        E       F      G
               +--------+--------+--------+--------+--------+-----+--------+
         Total |   1944 |   1888 |     56 |      0 |   1255 |   3 |  648.0 |
       Dungeon |   1944 |   1888 |     56 |      0 |   1255 |   3 |  648.0 |
               +--------+--------+--------+--------+--------+-----+--------+

Top non-repeatable levels by time:
     D:2: 1013 daAuts
     D:1: 683 daAuts
     D:3: 247 daAuts
